 Dungeon Crawl Stone Soup version 0.30-a0-883-g5ad918d77d (webtiles) character file.

Game seed: 5260083334330593473

793 holysushi the Shooter (level 7, -2/46 HPs)
             Began as an Octopode Monk on Mar 17, 2023.
             Was an Initiate of Gozag.
             Shot with an arrow by a centaur (11 damage)
             ... on level 6 of the Dungeon.
             The game lasted 00:05:37 (5097 turns).

holysushi the Shooter (Octopode Monk)               Turns: 5097, Time: 00:05:38

Health: -2/46      AC:  1    Str: 10    XL:     7   Next: 88%
Magic:  7/7        EV: 15    Int: 13    God:    Gozag
Gold:   356        SH:  0    Dex: 22    Spells: 4/6 levels left

rFire   . . .      SeeInvis .    a - +1 shortbow
rCold   . . .      Faith    .    (shield currently unavailable)
rNeg    . . .      Spirit   .    (helmet restricted)
rPois   .          Reflect  .    (no amulet)
rElec   .          Rampage  .    p - +6 ring of dexterity
rCorr   .                        (no ring)
Will    .....                    (no ring)
Stlth   ++++                     (no ring)
HPRegen 0.27/turn                (no ring)
MPRegen 0.10/turn                (no ring)
                                 (no ring)
                                 (no ring)

@: no status effects
A: almost no armour, amphibious, 8 rings, camouflage 1, gelatinous body 1,
(nimble swimmer 1), tentacles
a: Renounce Religion, Potion Petition, Call Merchant, Bribe Branch


You were on level 6 of the Dungeon.
You worshipped Gozag.
Gozag was aware of your devotion.
You visited 2 branches of the dungeon, and saw 7 of its levels.

You collected 356 gold pieces.

Inventory:

Hand Weapons
 a - a +1 shortbow (weapon)
 b - a +2 dagger of holy wrath
 c - a +0 sling
 m - a +0 short sword
Missiles
 h - 2 throwing nets
Jewellery
 p - a +6 ring of dexterity (left tentacle)
 t - a ring of magical power
Wands
 r - a wand of charming (10)
Scrolls
 d - a scroll of immolation
 i - a scroll of fog
 o - a scroll of teleportation
Potions
 e - a potion of lignification
 f - a potion of ambrosia
 j - 2 potions of might
 k - a potion of haste
 l - 2 potions of mutation
 n - a potion of brilliance {unknown}
 q - a potion of flight {unknown}
 s - a potion of attraction {unknown}


   Skills:
 - Level 3.0 Fighting
 - Level 5.6 Short Blades
 + Level 6.8 Ranged Weapons
 - Level 3.0 Dodging
 - Level 2.6 Stealth


You had 4 spell levels left.
You knew the following spells:

 Your Spells              Type           Power      Damage    Failure   Level
a - Blink                 Tloc           0%         N/A       43%         2

Your spell library contained the following spells:

 Spells                   Type           Power      Damage    Failure   Level
 Lesser Beckoning         Tloc           0%         N/A       43%         2
 Momentum Strike          Conj/Tloc      0%         3d8       43%         2
 Portal Projectile        Hex/Tloc       0%         N/A       67%         3
 Tukima's Dance           Hex            0%         N/A       67%         3
 Vhi's Electric Charge    Tloc/Air       0%         N/A       67%         3
 Arcjolt                  Conj/Air       0%         1d10      100%        5
 Blade Hands              Tmut           0%         N/A       100%        5
 Summon Forest            Summ/Tloc      0%         N/A       100%        5
 Summon Mana Viper        Hex/Summ       0%         N/A       100%        5
 Summon Cactus Giant      Summ           0%         N/A       100%        6
 Maxwell's Capacitive Co  Air            0%         ∞         100%        8


Dungeon Overview and Level Annotations

Branches:
Dungeon (6/15) Zot: 25137  Temple (1/1) D:6 Zot: 5790

Altars:
Ashenzari
Elyvilon
Fedhas
Gozag
Hepliaklqana
Kikubaaqudgha
Makhleb
Okawaru
Qazlal
Trog
Vehumet
Wu Jian
Xom
The Shining One

Shops:
D:4 (

Annotations:
D:4 2 transporters


Innate Abilities, Weirdness & Mutations

You cannot wear most types of armour.
You are amphibious.
You can wear up to eight rings at the same time.
Your skin changes colour to match your surroundings (Stealth+).
Your rubbery body absorbs attacks. (AC +1, EV +1)
((You are camouflaged when in or above water. (Stealth+)))
You have tentacles for arms and can constrict up to eight enemies at once.


Message History

A gnoll is nearby!
A gnoll is nearby!
A gnoll is nearby!
You shoot an arrow. The arrow hits the gnoll!
You kill the gnoll!
No target in view!
No target in view!
No target in view!
You now have 356 gold pieces (gained 3).
You see here a +0 spear.
You see here a +0 trident.
Key pressed, stopping explore.
You see here a +0 long sword.
You see here 4 stones.
A centaur comes into view.
The centaur moves out of view.
A centaur is nearby!
A centaur is nearby!
You shoot an arrow. The centaur shouts!
The arrow hits the centaur but does no damage.
The centaur wields a +0 shortbow.
The centaur shoots an arrow.
The arrow hits you!
You shoot an arrow. The arrow hits the centaur.
The centaur is lightly wounded.
The centaur shoots an arrow.
The arrow hits you!
The centaur shoots an arrow.
The arrow hits you!
You are too injured to fight recklessly!
You are too injured to fight recklessly!
You are too injured to fight recklessly!
The centaur shoots an arrow.
The arrow barely misses you.
The centaur shoots an arrow.
The arrow completely misses you.
Things that are here:
a +0 robe; a +0 quarterstaff The centaur shoots an arrow.
The arrow hits you!
* * * LOW HITPOINT WARNING * * *
There is a stone staircase leading down, spattered with blood here.
The centaur shoots an arrow.
The arrow hits you!
You die...
Your body crumbles into a pile of gold.

#..~~...# #.#.# #...........
#.......# #.#.# #.........#>
......(.########.#.# #.........#)
#.(.....#........#.###.........#.
#.......##########.).......#####.
#.._)...##.......######....#####.
#..♣.......#####.# #..........
#......(########.# #))..##....
#############.[.@# #....#.....
.........c.......# #(...#.....
.................# #....#.....
.................######....#####'
.......<...............)...# #.
........[..................# #.
..<.....#################### #.
............#..........○......##.
........#####...........°.....##.


You could see a centaur.

Vanquished Creatures
  An ice beast (D:6)
  An ogre (D:5)
  A scorpion (D:6)
  A jelly (D:6)
  3 hounds
  An iguana (D:6)
  4 orc priests
  2 orc wizards (D:6)
  9 gnolls
  7 adders
  A shadow imp (D:6)
  A worm (D:4)
  2 dart slugs
  13 orcs
  4 bats
  3 endoplasms
  3 giant cockroaches
  3 goblins
  6 hobgoblins
  3 jackals (D:3)
  2 quokkas
  6 ball pythons
  2 frilled lizards
  4 kobolds
  4 rats
87 creatures vanquished.

Vanquished Creatures (others)
  6 plants (D:4)
6 creatures vanquished.

Grand Total: 93 creatures vanquished

Notes
Turn   | Place    | Note
-------+----------+-------------------------------------------
     0 | D:1      | holysushi the Octopode Monk began the quest for the Orb.
     0 | D:1      | Reached XP level 1. HP: 16/16 MP: 1/1
   166 | D:1      | Reached XP level 2. HP: 21/21 MP: 2/2
   674 | D:2      | Reached XP level 3. HP: 17/26 MP: 3/3
  1381 | D:3      | Learned a level 2 spell: Blink
  1413 | D:3      | Reached XP level 4. HP: 26/31 MP: 4/4
  1534 | D:3      | Reached skill level 5 in Short Blades
  1926 | D:4      | Reached XP level 5. HP: 36/36 MP: 5/5
  1956 | D:4      | Found a transporter.
  1960 | D:4      | Identified the +4 spear of the Immovable Beds {pain, *Noise
                  | rElec rCorr Stlth+}
  2038 | D:4      | Reached skill level 1 in Ranged Weapons
  2166 | D:4      | Found Ygupod's Weapon Shop.
  2242 | D:4      | Reached skill level 2 in Ranged Weapons
  2263 | D:4      | Found a transporter.
  2424 | D:5      | Entered Level 5 of the Dungeon
  2450 | D:5      | Found an iron altar of Okawaru.
  2535 | D:5      | Noticed an ogre
  2542 | D:5      | Killed an ogre
  2543 | D:5      | Reached skill level 3 in Ranged Weapons
  2543 | D:5      | Reached XP level 6. HP: 42/42 MP: 6/6
  2675 | D:5      | Found a glowing golden altar of the Shining One.
  2763 | D:5      | Reached skill level 4 in Ranged Weapons
  2806 | D:5      | Found a broken altar of Ashenzari.
  3136 | D:6      | Reached skill level 5 in Ranged Weapons
  3136 | D:6      | Reached XP level 7. HP: 37/46 MP: 7/7
  3652 | D:6      | Found an ornate altar of the Wu Jian Council.
  3680 | D:6      | Reached skill level 6 in Ranged Weapons
  3824 | D:6      | Found an ancient bone altar of Kikubaaqudgha.
  4353 | D:6      | Found a staircase to the Ecumenical Temple.
  4657 | Temple   | Entered the Ecumenical Temple
  4840 | Temple   | Became a worshipper of Gozag Ym Sagoz the Greedy
  5097 | D:6      | Shot with an arrow by a centaur

Illustrated notes

Levels and vault maps discovered:
D:1:      shiori_arrival_oz, layout_basic
D:2:      layout_basic, columned_hall_lemuel
D:3:      layout_basic
D:4:      layout_cave_pools, gammafunk_ghost_gnarly_gnolls, serial_shops, shop
D:5:      layout_rooms, okawaru_ov_weapons_minmay, mainiacjoe_overflow_24_doors,
          amcnicky_altar_gilded
D:6:      layout_basic, nzn_wu_jian_contemplation, mainiacjoe_overflow_paths,
          lemuel_temple_firewalk_b, minivault_23
Temple:   minmay_temple_forest_path

Skill      XL: |  1  2  3  4  5  6  7 |
---------------+----------------------+-----
Short Blades   | 4 5 |  5.6
Ranged Weapons | 3 5 6 |  6.8
Fighting       | |  3.0
Dodging        | |  3.0
Stealth        | |  2.6

Action                     |  1- 3 |  4- 6 |  7- 9 || total
---------------------------+-------+-------+-------++-------
  Melee: Short sword       |    20 |       |       ||    20
         Constrict         |    16 |     9 |     3 ||    28
         Tentacles         |    12 |    15 |     4 ||    31
         Punch             |     1 |     1 |       ||     2
         Dagger            |    38 |    41 |    12 ||    91
   Fire: Shortbow          |       |    76 |    76 ||   152
    Use: Potion            |     1 |       |     1 ||     2
         Scroll            |       |    13 |     1 ||    14
   Stab: Sleeping          |     9 |     1 |       ||    10
         Distracted        |       |     1 |       ||     1
 Armour: Skin              |     2 |     4 |     3 ||     9
  Dodge: Dodged            |    48 |    41 |    24 ||   113

Table legend: (Time is in decaauts)
 A = Elapsed time spent in this place.
 B = Non-inter-level travel time spent in this place.
 C = Inter-level travel time spent in this place.
 D = Time resting spent in this place.
 E = Time spent auto-exploring this place.
 F = Levels seen in this place.
 G = Mean time per level.
                   A        B        C        D        E       F      G
               +--------+--------+--------+--------+--------+-----+--------+
         Total |   5089 |   4873 |    216 |    728 |   3324 |   7 |  727.0 |
       Dungeon |   4879 |   4702 |    177 |    728 |   3162 |   6 |  813.2 |
        Temple |    209 |    171 |     38 |      0 |    162 |   1 |  209.0 |
               +--------+--------+--------+--------+--------+-----+--------+

Top non-repeatable levels by time:
     D:6: 1708 daAuts
     D:5: 764 daAuts
     D:2: 657 daAuts
     D:1: 613 daAuts
     D:3: 606 daAuts
     D:4: 529 daAuts
  Temple: 209 daAuts
